 Dungeon Crawl Stone Soup version 0.24-a0-462-ge24419a6ad (webtiles) character file.

Game seed: 11275079261685885910

59 Gargoyl the Skirmisher (level 3, 31/31 HPs)
             Began as a Centaur Abyssal Knight on July 1, 2019.
             Was a Follower of Lugonu.
             Starved to death
             ... while paralysed
             ... on level 2 of the Dungeon.
             The game lasted 00:05:34 (4462 turns).

Gargoyl the Skirmisher (Centaur Abyssal Knight)     Turns: 4462, Time: 00:05:35

Health: 31/31      AC: 12    Str: 17    XL:     3   Next: 78%
Magic:  4/4        EV:  1    Int: 11    God:    Lugonu [*.....]
Gold:   81         SH:  0    Dex: 13    Spells: 2/2 levels left

rFire    . . .     SeeInvis .   a - +2 hand axe
rCold    . . .     Gourm    .   (no shield)
rNeg     . . .     Faith    .   b - +4 plate armour "Korhoom" {MR+ rCorr Str+3 Dex+4}
rPois    .         Spirit   .   (no helmet)
rElec    .         Reflect  .   (no cloak)
rCorr    +         Harm     .   (no gloves)
MR       +....                  (no barding)
Stlth    ..........             (no amulet)
HPRegen  0.10/turn              (no ring)
MPRegen  0.09/turn              (no ring)

@: paralysed, fainting, very quick
A: large, hooves 3, deformed body, speed 2, tough skin 3
a: Depart the Abyss, Renounce Religion


You were on level 2 of the Dungeon.
You worshipped Lugonu.
Lugonu was aware of your devotion.
You were fainting.

You visited 1 branch of the dungeon, and saw 2 of its levels.
You visited the Abyss 1 time.

You collected 81 gold pieces.

Inventory:

Hand Weapons
 a - a +2 hand axe (weapon)
Armour
 b - the +4 plate armour "Korhoom" (worn) {MR+ rCorr Str+3 Dex+4}
   (You found it on level 2 of the Abyss)

   It affects your strength (+3).
   It affects your dexterity (+4).
   It affects your resistance to hostile enchantments.
   It provides partial protection from all sources of acid and corrosion.
Scrolls
 e - a scroll of remove curse
Potions
 f - a potion of brilliance
 g - 2 potions of curing


   Skills:
 + Level 3.4 Fighting
 + Level 2.3 Axes
 * Level 1.9 Armour
 * Level 1.2 Dodging
 * Level 2.5 Invocations


You had 2 spell levels left.
You didn't know any spells.
Your spell library was empty.

Dungeon Overview and Level Annotations

Branches:
Dungeon (2/15)

Altars:
Nemelex Xobeh
Ru
Xom
Zin


Innate Abilities, Weirdness & Mutations

You have hooves in place of feet.
Armour fits poorly on your strangely shaped body.
You cover ground very quickly.
You have extremely tough skin. (AC +3)


Message History

g - Guard the area. f - Follow me.
Anything else - Cancel.
You shout for attention!
What are your orders? t - Shout!
Orders for allies: a - Attack new target. r - Retreat! s - Stop attacking. g - Guard the area. f - Follow me.
Anything else - Cancel.
You shout for attention!
What are your orders? t - Shout!
Orders for allies: a - Attack new target. r - Retreat! s - Stop attacking. g - Guard the area. f - Follow me.
Anything else - Cancel.
You shout for attention!
You lose consciousness!
You have starved to death.
You die...

..# #. .§# #. #?# ##
#.###############
#h#..<..........#
############.#..#..#####...#
................h..# #...#
#############.r≈≈≈.# #.†.#
##h≈@≈.# #...# #.≈≈≈.#
#...##### #.....# ###.....#
##############.#####
#####.## ...............#
#..... ################
#.#.#. #.#... #.#### #.....


You could see a quokka and 2 jackals.

Vanquished Creatures
  A gnoll (D:1)
  An ooze (D:1)
  A dart slug (D:1)
  A leopard gecko (D:1)
  A ball python (D:1)
  2 giant cockroaches
  9 goblins
  7 hobgoblins
  2 kobolds (D:2)
  2 quokkas (D:2)
  5 bats
  2 frilled lizards (D:1)
  A rat (D:1)
35 creatures vanquished.

Notes
Turn   | Place    | Note
-------+----------+-------------------------------------------
     0 | Abyss:1  | Gargoyl the Centaur Abyssal Knight began the quest for the
                  | Orb.
     0 | Abyss:1  | Reached XP level 1. HP: 19/19 MP: 2/2
    76 | Abyss:2  | Found a corrupted altar of Lugonu.
    92 | Abyss:2  | Got a bloodstained plate armour
   109 | Abyss:2  | Identified the +4 plate armour "Korhoom" {MR+ rCorr Str+3
                  | Dex+4} (You found it on level 2 of the Abyss)
   126 | Abyss:3  | Noticed a spatial vortex
   127 | Abyss:3  | Noticed a spatial vortex
   145 | Abyss:3  | Noticed a tentacled starspawn
   146 | D:1      | Escaped the Abyss
   341 | D:1      | Reached * piety under Lugonu
   362 | D:1      | Reached XP level 2. HP: 26/26 MP: 3/3
   381 | D:1      | Reached skill level 1 in Dodging
   401 | D:1      | Reached XP level 3. HP: 30/31 MP: 4/4
  1061 | D:2      | Found a sacrificial altar of Ru.
  1063 | D:2      | Found a glowing silver altar of Zin.
  1063 | D:2      | Found a sparkling altar of Nemelex Xobeh.
  1064 | D:2      | Found a shimmering altar of Xom.
  4343 | D:2      | Paralysed by fainting for 11 turns
  4372 | D:2      | Paralysed by fainting for 9 turns
  4415 | D:2      | Paralysed by fainting for 12 turns
  4437 | D:2      | Paralysed by fainting for 11 turns
  4461 | D:2      | Paralysed by fainting for 6 turns
  4462 | D:2      | Starved to death

Levels and vault maps discovered:
D:1:      kennysheep_arrival_forest, layout_basic
D:2:      layout_basic, grunt_temple_overflow_open, first_ration,
          corexii_item_surrounded_by_moat

Skill      XL: |  1  2 |
---------------+-------+-----
Axes           | 2 |  2.3
Dodging        | 1 |  1.2
Fighting       | |  3.4
Armour         | |  1.9
Invocations    | |  2.5

Action                   || total
-------------------------++-------
Melee: Hand axe          ||    80
       Kick              ||    13
Invok: Depart the Abyss  ||     1
  Use: Scroll            ||     5
       Potion            ||     1
  Eat: Ration            ||     2
Armor: Plate armour      ||    74
Dodge: Dodged            ||    16

Table legend:
 A = Non-vault XP
 B = Vault XP
 C = Vault XP percentage of total XP
 D = Non-vault monster count
 E = Vault monster count
 F = Vault count percentage of total count
                 A         B        C        D         E       F
            +---------+---------+-------+---------+---------+-------
      Total |      85 |       0 |   0.0 |      35 |       0 |   0.0
            +---------+---------+-------+---------+---------+-------
        D:1 |      58 |       0 |   0.0 |      21 |       0 |   0.0
        D:2 |      27 |       0 |   0.0 |      14 |       0 |   0.0
            +---------+---------+-------+---------+---------+-------
